 Dungeon Crawl Stone Soup version 0.30.0-17-ge0270778cf (webtiles) character file.

Game seed: 12274928898551525799

127 Daunt the Trooper (level 5, 0/50 HPs)
             Began as a Hill Orc Hunter on May 21, 2023.
             Slain by an orc priest
             ... wielding a +2 hand axe of freezing
              (5 damage)
             ... on level 3 of the Dungeon.
             The game lasted 00:05:04 (2201 turns).

Daunt the Trooper (Hill Orc Hunter)                 Turns: 2201, Time: 00:05:05

Health: 0/50       AC:  4    Str: 16    XL:     5   Next: 11%
Magic:  5/5        EV: 11    Int:  9    God:
Gold:   215        SH:  0    Dex: 14    Spells: 4/4 levels left

rFire   . . .        a - +0 shortbow
rCold   . . .        (shield currently unavailable)
rNeg    . . .        c - +0 leather armour
rPois   +            (no helmet)
rElec   .            (no cloak)
rCorr   .            n - +0 pair of gloves
SInv    .            (no boots)
Will    .....        (no amulet)
Stlth   +            t - ring of poison resistance
HPRegen 0.28/turn    (no ring)
MPRegen 0.09/turn

%: no passive effects
@: no status effects
A: no striking features
a: Convert to Beogh


You were on level 3 of the Dungeon.
You visited 1 branch of the dungeon, and saw 3 of its levels.

You collected 215 gold pieces.

Inventory:

Hand Weapons
 a - a +0 shortbow (weapon)
Missiles
 g - 17 stones
Armour
 c - a +0 leather armour (worn)
 i - a +0 buckler
 n - a +0 pair of gloves (worn)
 s - a +0 ring mail
Jewellery
 t - a ring of poison resistance (left hand)
Scrolls
 b - a scroll of immolation
 d - 5 scrolls of identify {unknown}
 e - 3 scrolls of brand weapon {unknown}
 k - a scroll of poison {unknown}
 l - a scroll of vulnerability {unknown}
 o - a scroll of fear {unknown}
 q - a scroll of amnesia {unknown}
Potions
 f - a potion of berserk rage {unknown}
 h - 2 potions of curing {unknown}
 j - 2 potions of resistance {unknown}
 m - a potion of heal wounds {unknown}
 p - 2 potions of brilliance {unknown}
 r - a potion of flight {unknown}


   Skills:
 + Level 6.2 Fighting
 - Level 3.6 Ranged Weapons
 - Level 1.5 Dodging
 - Level 0.7 Stealth


You had 4 spell levels left.
You didn't know any spells.
Your spell library contained the following spells:

 Spells                   Type           Power      Damage    Failure   Level
 Freeze                   Ice            0%         1d3       45%         1
 Frozen Ramparts          Ice            0%         1d1       83%         3
 Hailstorm                Conj/Ice       0%         3d3       83%         3


Dungeon Overview and Level Annotations

Branches:
Dungeon (3/15)

Altars:


Message History

You barely resist. The rat bites you.
Fire: a) +0 shortbow
Press: ? - help, Q - select action, (/) - cycle Shift-Dir - straight line, f/p - orc priest
Aim: an orc priest, wielding a +2 hand axe of freezing (heavily wounded, 63% to hit)
You shoot an arrow. The arrow barely misses the orc priest.
The orc priest hits you with a +2 hand axe of freezing.
The orc priest freezes you. The rat bites you but does no damage.
Unknown command.
Fire: a) +0 shortbow
Press: ? - help, Q - select action, (/) - cycle Shift-Dir - straight line, f/p - orc priest
Aim: an orc priest, wielding a +2 hand axe of freezing (heavily wounded, 63% to hit)
You shoot an arrow. The arrow barely misses the orc priest.
The orc priest hits you with a +2 hand axe of freezing.
The orc priest freezes you. The rat barely misses you.
The orc priest hits you with a +2 hand axe of freezing.
* * * LOW HITPOINT WARNING * * *
The orc priest freezes you.
* * * LOW HITPOINT WARNING * * *
The rat closely misses you.
Unknown command.
Fire: a) +0 shortbow
Press: ? - help, Q - select action, (/) - cycle Shift-Dir - straight line, f/p - orc priest
Aim: an orc priest, wielding a +2 hand axe of freezing (heavily wounded, 63% to hit)
You shoot an arrow.
The orc priest threatens, "By the altar or by the axe, you will meet Beogh!"
The arrow hits the orc priest.
The orc priest is almost dead.
The orc priest hits you with a +2 hand axe of freezing.
* * * LOW HITPOINT WARNING * * *
The orc priest freezes you.
* * * LOW HITPOINT WARNING * * *
The rat bites you but does no damage.
Unknown command.
Fire: a) +0 shortbow
Press: ? - help, Q - select action, (/) - cycle Shift-Dir - straight line, f/p - orc priest
Aim: an orc priest, wielding a +2 hand axe of freezing (almost dead, 63% to hit)
You shoot an arrow.
The arrow completely misses the orc priest.
The orc priest hits you with a +2 hand axe of freezing.
You die...

########.##
#..........
#####.###..#.##
#.......#..#.#
#.###.#.#..#.##
#.# #.#........
####.###.###......
#.o....#.# #......
#@##.#.#.. ...#...
#r##.#.### #......
#)##.. . ####...
#.####.#. +#. #.#
.#.# #.# # # #..
###


You could see an orc priest and a rat.

Vanquished Creatures
  2 orc wizards (D:3)
  2 adders (D:2)
  A dart slug (D:3)
  6 orcs (D:3)
  5 bats
  3 endoplasms
  3 giant cockroaches
  4 goblins
  5 hobgoblins
  5 jackals (D:3)
  2 kobolds (D:1)
  A quokka (D:1)
  4 ball pythons
  7 rats
50 creatures vanquished.

Notes
Turn   | Place    | Note
-------+----------+-------------------------------------------
     0 | D:1      | Daunt the Hill Orc Hunter began the quest for the Orb.
     0 | D:1      | Reached XP level 1. HP: 18/18 MP: 1/1
    85 | D:1      | Reached skill level 3 in Fighting
   108 | D:1      | Reached XP level 2. HP: 26/26 MP: 2/2
   927 | D:1      | Reached skill level 4 in Fighting
  1248 | D:2      | Reached XP level 3. HP: 33/33 MP: 3/3
  1823 | D:3      | Reached skill level 5 in Fighting
  1869 | D:3      | Reached XP level 4. HP: 42/42 MP: 4/4
  2191 | D:3      | Reached skill level 6 in Fighting
  2191 | D:3      | Reached XP level 5. HP: 50/50 MP: 5/5
  2201 | D:3      | Slain by an orc priest

Illustrated notes

Levels and vault maps discovered:
D:1:      co_arrival_random_square_maze, layout_basic
D:2:      layout_loops_ring, kennysheep_generic_room_9
D:3:      layout_loops_corners, gup_sewer_entry_bubbles,
          ebering_ecumenical_altar_box

Skill      XL: |  1  2  3  4 |
---------------+-------------+-----
Fighting       | 3 4 5 6 |  6.2
Ranged Weapons | |  3.6
Dodging        | |  1.5
Stealth        | |  0.7

Action                     |  1- 3 |  4- 6 || total
---------------------------+-------+-------++-------
   Fire: Shortbow          |    89 |    74 ||   163
 Armour: Leather armour    |    16 |    28 ||    44
  Dodge: Dodged            |    27 |    33 ||    60
